Map: Ephemeron LE

Players

SpeCial

  • Race: Terran Terran
  • League: Master
  • Spawn Location: 5:00

Scarlett - Winner!

  • Race: Zerg Zerg
  • Spawn Location: 11:00

Event: NationWars 2019

VOD

Have the link to the VOD?

Description

Time

  • Played on: Oct. 5, 2019, 4:13 p.m.
  • Length: 13:51

All games in this series

Show
View Real Time Build Order
Export as new Build Order

SpeCial Terran 

Build Orders: Reaper Expand, Mech 

Get SALT Encoding   

  12  0:01  SCV  
  13  0:14  SCV  
  14  0:18  Supply Depot  
  14  0:26  SCV  
  15  0:39  SCV  
  15  0:41  Barracks  
  16  0:44  Refinery  
  16  0:52  SCV  
  17  1:04  SCV  
  18  1:16  SCV  
  19  1:29  Orbital Command, Reaper  
  20  1:40  Command Center  
  20  1:51  Supply Depot  
  20  1:55  SCV  
  20  2:01  Marine  
  22  2:07  Factory  
  22  2:09  SCV  
  23  2:17  Refinery  
  23  2:21  SCV  
  24  2:23  Barracks Reactor  
  23  2:33  SCV  
  24  2:45  SCV  
  25  2:52  Starport, Hellion  
  25  2:53  Orbital Command  
  27  2:59  SCV, Marine x2  
  30  3:11  SCV  
  31  3:20  SCV  
  31  3:23  SCV, Hellion  
  31  3:24  Hellion  
  31  3:26  Barracks Tech Lab  
  37  3:31  Fusion Core  
  37  3:32  SCV  
  38  3:36  SCV  
  39  3:41  Supply Depot  
  39  3:46  Hellion x2  
  43  3:50  SCV x2  
  45  4:02  SCV  
  46  4:03  Supply Depot  
  46  4:05  SCV  
  47  4:13  Hellion x2  
  47  4:14  SCV  
  52  4:18  SCV  
  53  4:25  Supply Depot  
  53  4:26  SCV  
  53  4:27  Battlecruiser  
  60  4:32  SCV  
  60  4:38  SCV  
  62  4:41  Armory  
  62  4:47  Hellion x2  
  62  4:48  SCV, Supply Depot  
  67  4:54  SCV, Supply Depot  
  68  5:00  SCV  
  68  5:06  SCV  
  70  5:10  Hellion x2  
  70  5:13  SCV  
  75  5:18  SCV  
  76  5:21  Command Center  
  76  5:25  SCV  
  77  5:30  SCV, Supply Depot  
  77  5:32  Hellion x2  
  80  5:37  SCV  
  76  5:44  SCV  
  76  5:49  SCV  
  72  5:51  Refinery x2  
  72  5:53  Hellion  
  72  5:56  SCV  
  75  6:03  Factory  
  69  6:06  Hellion  
  69  6:08  Terran Vehicle Weapons Level 1  
  69  6:09  Supply Depot  
  69  6:10  Factory  
  69  6:11  SCV x2  
  73  6:12  Barracks Tech Lab  
  73  6:14  Hellion  
  75  6:23  SCV x2  
  77  6:29  Hellion  
  77  6:30  Supply Depot  
  79  6:35  SCV x2  
  79  6:36  Hellion  
  83  6:47  SCV  
  83  6:48  SCV  
  83  6:51  Infernal Pre-Igniter, Cyclone, Refinery, Hellion  
  90  6:57  Hellion  
  90  6:58  Refinery  
  90  6:59  SCV  
  90  7:00  SCV  
  94  7:03  Orbital Command  
  93  7:12  SCV, Cyclone, Hellion  
  93  7:13  SCV  
  100  7:15  Mag-Field Accelerator  
  100  7:18  Factory x2  
  100  7:19  Hellion  
  102  7:23  Cyclone  
  102  7:24  SCV  
  102  7:25  SCV  
  107  7:32  SCV  
  107  7:33  Armory  
  107  7:36  SCV  
  109  7:37  Supply Depot  
  109  7:38  SCV  
  109  7:44  Barracks Reactor, SCV, Siege Tank  
  110  7:48  SCV  
  110  7:50  SCV  
  116  7:54  Supply Depot x2  
  116  7:55  Siege Tank, Hellion x2  
  116  7:56  SCV  
  124  8:00  SCV, Supply Depot  
  123  8:06  Factory Tech Lab, Liberator  
  123  8:10  Terran Vehicle Weapons Level 2  
  123  8:11  Command Center  
  123  8:16  Siege Tank  
  123  8:18  Hellion x2  
  133  8:28  Siege Tank x2  
  133  8:29  Hellion x2  
  143  8:36  SCV  
  144  8:43  Hellion x2  
  142  8:48  Cyclone  
  142  8:54  Terran Vehicle And Ship Armor Level 1  
  142  8:55  Supply Depot x2  
  145  9:00  Cyclone  
  145  9:01  Hellion x2  
  145  9:02  Cyclone  
  155  9:04  Hellion  
  155  9:05  Hellion  
  155  9:10  SCV  
  156  9:21  Cyclone  
  156  9:23  Hellion x2  
  163  9:25  Supply Depot  
  163  9:26  Supply Depot, Hellion x2  
  167  9:32  Cyclone  
  167  9:34  Cyclone  
  167  9:36  SCV  
  162  9:48  Starport Reactor  
  155  9:53  Starport  
  155  9:54  Starport  
  155  9:55  Cyclone, Hellion x2  
  155  9:58  SCV x2  
  155  9:59  SCV  
  154  10:13  Engineering Bay, Barracks Reactor, Hellion  
  154  10:14  Hellion  
  158  10:16  Hellion  
  158  10:17  Hellion  
  153  10:27  Cyclone x3  
  150  10:30  Liberator x2  
  150  10:35  SCV x2, Hellion x2  
  152  10:39  Planetary Fortress, Refinery x2  
  151  10:44  Hellion x2  
  151  10:45  Starport Reactor  
  151  10:46  Starport Tech Lab  
  161  10:56  Sensor Tower, Hellion x2  
  161  10:58  Command Center  
  161  10:59  Siege Tank x2  
  161  11:00  Hellion  
  155  11:05  Liberator  
  155  11:06  Hellion x2  
  146  11:13  SCV x2  
  146  11:16  Liberator  
  146  11:17  Terran Vehicle And Ship Armor Level 2, Hellion  
  149  11:21  Cyclone  
  149  11:23  Viking  
  157  11:31  Hellion x3  
  163  11:36  Advanced Ballistics  
  163  11:39  Siege Tank, Hellion  
  171  11:43  Viking  
  167  11:54  Viking x2  
  167  12:00  Siege Tank, Hellion x3  
  172  12:05  Viking  
  171  12:13  Viking  
  156  12:16  Viking  
  156  12:22  SCV x2  
  149  12:24  Viking x2  
  149  12:27  SCV  
  139  12:34  SCV  
  139  12:35  Viking  
  123  12:40  SCV x2  
  123  12:43  Viking, Hellion  
  128  12:46  Viking  
  126  12:51  Siege Tank  
  126  12:55  SCV x2  
  126  12:58  SCV  
  132  13:03  Hellion  
  132  13:05  Siege Tank  
  134  13:09  Hellion  
  136  13:14  Siege Tank  
  136  13:18  Hellion  
Show
View Real Time Build Order
Export as new Build Order

Scarlett Zerg - Winner!

Build Orders: Hatch First, Brood Lord Corruptor 

Get SALT Encoding   

  12  0:00  Drone  
  13  0:13  Overlord  
  13  0:17  Drone  
  14  0:31  Drone x2  
  16  0:49  Hatchery  
  15  0:52  Drone  
  15  0:56  Drone  
  17  1:00  Drone  
  18  1:10  Extractor  
  17  1:14  Spawning Pool  
  17  1:17  Drone  
  17  1:21  Drone  
  18  1:28  Drone  
  19  1:39  Drone  
  20  1:51  Overlord  
  20  2:01  Queen  
  20  2:02  Zergling x4  
  26  2:10  Metabolic Boost  
  26  2:18  Drone x2  
  28  2:29  Hatchery  
  25  2:31  Queen  
  25  2:36  Drone  
  26  2:39  Drone  
  26  2:41  Drone  
  26  2:44  Drone  
  29  2:48  Drone  
  30  2:53  Overlord  
  30  2:56  Drone  
  31  3:04  Pneumatized Carapace  
  31  3:09  Drone x3  
  34  3:13  Drone x3  
  34  3:18  Zergling x2  
  38  3:22  Queen  
  38  3:25  Overlord  
  40  3:32  Drone x2  
  42  3:46  Drone x6  
  48  3:49  Queen  
  48  3:54  Overlord  
  50  3:56  Zergling x2  
  50  3:58  Queen  
  53  4:05  Overlord  
  53  4:07  Zergling x4  
  57  4:16  Lair  
  55  4:19  Drone x6  
  61  4:26  Queen  
  61  4:29  Zergling x2  
  61  4:30  Zergling x4  
  66  4:34  Queen  
  66  4:36  Spore Crawler  
  67  4:39  Drone x5  
  67  4:42  Spore Crawler  
  67  4:45  Spore Crawler  
  70  4:53  Drone x3, Overlord  
  73  5:04  Overlord  
  73  5:07  Extractor  
  72  5:12  Roach Warren, Queen  
  72  5:13  Evolution Chamber  
  72  5:14  Zergling x2  
  72  5:15  Evolution Chamber  
  72  5:16  Overseer  
  72  5:29  Zergling x6  
  74  5:38  Drone  
  74  5:39  Drone x6  
  77  5:44  Extractor  
  77  5:45  Extractor  
  77  5:47  Drone x8  
  81  5:53  Drone  
  81  5:54  Overlord  
  81  5:56  Overlord  
  82  5:57  Spire  
  82  5:59  Extractor  
  80  6:08  Overlord  
  80  6:09  Extractor  
  79  6:12  Queen  
  79  6:16  Drone x4  
  79  6:17  Glial Reconstitution  
  85  6:21  Queen  
  85  6:22  Drone x3  
  85  6:23  Overlord x3  
  85  6:24  Overlord x2  
  90  6:26  Zerg Missile Weapons Level 1  
  90  6:31  Roach  
  92  6:34  Zerg Ground Armor Level 1  
  92  6:38  Drone x3  
  94  6:48  Roach x3  
  94  6:52  Drone x7  
  107  7:00  Drone x5  
  108  7:01  Hatchery  
  105  7:10  Overseer  
  105  7:13  Roach x3  
  111  7:25  Extractor  
  111  7:26  Zerg Flyer Weapons Level 1  
  111  7:29  Extractor  
  109  7:33  Corruptor x6  
  121  7:40  Infestation Pit  
  121  7:41  Drone  
  121  7:42  Drone x3  
  121  7:44  Drone x2, Baneling Nest  
  126  7:47  Drone  
  127  7:51  Drone x7  
  127  7:58  Roach  
  136  8:01  Hatchery  
  136  8:03  Overlord x4  
  135  8:05  Ravager  
  135  8:06  Ravager  
  137  8:20  Hive  
  137  8:33  Roach x12  
  164  8:34  Ravager x4  
  164  8:41  Roach x6  
  170  8:49  Drone x3  
  173  8:57  Drone x3  
  173  9:00  Zerg Melee Weapons Level 1, Zerg Missile Weapons Level 2  
  174  9:03  Roach  
  174  9:04  Roach  
  174  9:06  Overlord x3  
  172  9:15  Spine Crawler  
  171  9:21  Ravager  
  171  9:22  Ravager x6  
  171  9:23  Overlord x3  
  178  9:24  Extractor  
  178  9:26  Spine Crawler, Drone x3, Extractor  
  178  9:27  Drone x3  
  181  9:34  Zergling x12  
  181  9:46  Roach x9  
  190  9:53  Roach x5  
  190  9:56  Ravager x4  
  190  9:58  Greater Spire  
  198  10:03  Spine Crawler  
  197  10:21  Roach x5  
  172  10:42  Corruptor x4  
  170  10:47  Drone  
  170  10:48  Spore Crawler, Spine Crawler  
  177  10:56  Ravager  
  176  11:01  Drone x9  
  176  11:02  Spore Crawler  
  157  11:12  Roach x11  
  157  11:15  Brood Lord x6  
  184  11:22  Brood Lord  
  184  11:23  Brood Lord x2  
  190  11:28  Queen x3  
  196  11:35  Brood Lord  
  196  11:38  Hatchery  
  196  11:39  Ravager  
  199  11:40  Ravager  
  199  11:53  Spine Crawler x2  
  178  12:29  Corruptor x8  
  169  12:31  Drone  
  183  12:37  Roach x7, Queen x2  
  183  12:38  Corruptor x4  
  175  12:58  Corruptor  
  175  12:59  Corruptor x5  
  175  13:02  Ravager x2  
  189  13:13  Ravager x4  
  189  13:14  Zergling x14  
Tags
 
Add a new tag
Caveats
  • Supply blocks, unpowered buildings, or Contaminate may cause inaccurate times.
  • Supply counts are checked every 10 seconds.